 Dungeon Crawl Stone Soup version 0.29.1-12-g30fa7ad0bf (webtiles) character file.

Game seed: 2214207685567112684

256 raph the Stinger (level 5, -1/38 HPs)
             Began as a Draconian Venom Mage on Jan 7, 2023.
             Frozen to death by an endoplasm (5 damage)
             ... on level 4 of the Dungeon.
             The game lasted 00:07:09 (5258 turns).

raph the Stinger (Draconian Venom Mage)             Turns: 5258, Time: 00:07:09

Health: -1/38      AC:  7    Str: 10    XL:     5   Next: 92%
Magic:  4/18       EV: 12    Int: 17    God:
Gold:   193        SH:  0    Dex: 12    Spells: 0/10 levels left

rFire   + . .      SeeInvis .   j - +6 short sword of Xaess {vorpal, *Corrode rPois rF+ Will+}
rCold   . . .      Faith    .   (no shield)
rNeg    . . .      Spirit   .   (body armour unavailable)
rPois   +          Reflect  .   (helmet restricted)
rElec   .          Harm     .   (no cloak)
rCorr   .          Rampage  .   m - +0 pair of gloves
Will    +....                   h - +0 pair of boots
Stlth   ++........              (no amulet)
HPRegen 0.12/turn               l - ring of magical power
MPRegen 0.16/turn               (no ring)

@: no status effects
A: AC +5, unfitting armour, cold-blooded
a: no special abilities


You were on level 4 of the Dungeon.
You visited 1 branch of the dungeon, and saw 4 of its levels.

You collected 193 gold pieces.

Inventory:

Hand Weapons
 b - a +1 dagger
 j - the +6 short sword of Xaess (weapon) {vorpal, *Corrode rPois rF+ Will+}
   (You found it on level 2 of the Dungeon)

   It inflicts extra damage upon your enemies.
   rF:        It protects you from fire.
   rPois:     It protects you from poison.
   *Corrode:  It may corrode you when you take damage.
   Will:      It increases your willpower.
Armour
 h - a +0 pair of boots (worn)
 m - a +0 pair of gloves (worn)
Jewellery
 l - a ring of magical power (left hand)
Scrolls
 g - a scroll of teleportation
Potions
 a - a potion of magic
 c - a potion of heal wounds
 d - 2 potions of lignification
 e - a potion of might {unknown}
 f - 2 potions of curing {unknown}
 i - a potion of ambrosia {unknown}
 k - 2 potions of attraction {unknown}


   Skills:
 - Level 1.7 Dodging
 - Level 1.7 Stealth
 - Level 3.0 Spellcasting
 - Level 1.0 Transmutations
 + Level 6.1 Poison Magic


You couldn't memorise any spells.
You knew the following spells:

 Your Spells              Type           Power      Damage    Failure   Level
a - Sting                 Tmut/Pois      56%        1d5       4%          1
b - Poisonous Vapours     Pois/Air       26%        N/A       8%          2
c - Mephitic Cloud        Conj/Pois/Air  9%         N/A       22%         3
d - Olgreb's Toxic Radia  Pois           23%        N/A       14%         4

Your spell library contained the following spells:

 Spells                   Type           Power      Damage    Failure   Level
 Slow                     Hex            8%         N/A       17%         1
 Confusing Touch          Hex            2%         N/A       45%         3
 Vampiric Draining        Necr           2%         2d6       45%         3
 Leda's Liquefaction      Hex/Erth       1%         N/A       86%         4
 Lee's Rapid Deconstruct  Erth           1%         3d5*      99%         5
 Statue Form              Tmut/Erth      2%         N/A       100%        6


Dungeon Overview and Level Annotations

Branches:
Dungeon (4/15)
 Temple: D:4-7

Altars:


Innate Abilities, Weirdness & Mutations

Your plain brown scales are hard. (AC +5)
You cannot fit into any form of body armour.
You are cold-blooded and may be slowed by cold attacks.


Message History

The hound is almost dead.
The hound closely misses you. The hound barely misses you.
Your magical contamination has completely faded away.
You hit the iguana but do no damage.
The iguana is moderately wounded.
You kill the hound!
The endoplasm closely misses you.
The iguana bites you but does no damage.
Your Poison Magic skill increases to level 6!
Aiming: Sting (safe; 4% risk of failure)
Press: ? - help, Q - select action, (/) - cycle Shift-Dir - straight line, f - endoplasm
Aim: an endoplasm (98% to hit)
The sting hits the endoplasm.
The endoplasm partially resists.
The endoplasm is lightly wounded.
The iguana bites you! The endoplasm freezes you.
You are frozen.
Aiming: Sting (safe; 4% risk of failure)
Press: ? - help, Q - select action, (/) - cycle Shift-Dir - straight line, f/p - endoplasm
Aim: an endoplasm (lightly wounded, 98% to hit)
The sting hits the endoplasm.
The endoplasm partially resists.
The endoplasm is poisoned.
The endoplasm is heavily wounded.
The iguana bites you. The endoplasm barely misses you.
Aiming: Sting (safe; 4% risk of failure)
Press: ? - help, Q - select action, (/) - cycle Shift-Dir - straight line, f/p - endoplasm
Aim: an endoplasm (moderately wounded, poisoned, 98% to hit)
The sting hits the endoplasm but does no damage.
The endoplasm looks even sicker.
The endoplasm is moderately wounded.
The iguana bites you!
* * * LOW HITPOINT WARNING * * *
The endoplasm closely misses you.
You closely miss the iguana.
The iguana is heavily wounded.
The iguana bites you.
* * * LOW HITPOINT WARNING * * *
The endoplasm freezes you.
You are frozen.
You die...

#..##[.... ...#...# .#.
.# .....#.# .. .#.#
.#.....###.#.. .## ...
...##......##.##......
....#.#.#...).....#.##..
......#.....#.#.......
.....####.#.# #l#†.#
............###.@J.#
####.....##......###
#..#.###..#...# #.##.#
#......#
####.######.#....#
#....###.####.#
####...#.# ..
############...## ..
.........###....### .


You could see an iguana (poisoned) and an endoplasm (very poisoned).

Vanquished Creatures
  2 hounds (D:4)
  An iguana (D:4)
  5 adders
  4 gnolls (D:2)
  3 worms
  4 dart slugs
  An orc (D:3)
  7 ball pythons
  9 endoplasms
  2 giant cockroaches (D:1)
  4 goblins
  4 hobgoblins
  4 jackals (D:1)
  5 quokkas
  2 bats
  2 frilled lizards
  4 kobolds
  4 rats
67 creatures vanquished.

Vanquished Creatures (others)
  7 fungi (D:2)
  A plant (D:2)
8 creatures vanquished.

Grand Total: 75 creatures vanquished

Notes
Turn   | Place    | Note
-------+----------+-------------------------------------------
     0 | D:1      | raph the Draconian Venom Mage began the quest for the Orb.
     0 | D:1      | Reached XP level 1. HP: 14/14 MP: 3/3
   363 | D:1      | Reached XP level 2. HP: 20/20 MP: 0/5
   430 | D:1      | Learned a level 2 spell: Poisonous Vapours
   831 | D:1      | Reached skill level 4 in Poison Magic
  1077 | D:1      | Reached XP level 3. HP: 22/26 MP: 0/6
  1081 | D:1      | Learned a level 3 spell: Mephitic Cloud
  1854 | D:2      | Identified the +6 short sword of Xaess {vorpal, *Corrode
                  | rPois rF+ Will+}
  2753 | D:2      | Reached XP level 4. HP: 33/33 MP: 0/7
  3180 | D:2      | Found a faded altar of an unknown god.
  3316 | D:2      | Reached skill level 5 in Poison Magic
  3742 | D:3      | Reached XP level 5. HP: 34/38 MP: 9/9
  4061 | D:3      | Learned a level 4 spell: Olgreb's Toxic Radiance
  5255 | D:4      | Reached skill level 6 in Poison Magic
  5258 | D:4      | Frozen to death by an endoplasm

Illustrated notes

Levels and vault maps discovered:
D:1:      dpeg_arrival_ternary, layout_loops_corners
D:2:      layout_loops_cross, shapermc_ecumenical_altar_hornbeckon
D:3:      layout_loops_ring, chequers_arboretum
D:4:      layout_rooms, nemelex_spade_bored_becter, gammafunk_ghost_grave,
          serial_curves, eino_curves_03, eino_curves_03,
          minmay_fractal_squares_5, uniq_grinder, uniq_edmund

Skill      XL: |  1  2  3  4  5 |
---------------+----------------+-----
Poison Magic   | 4 5 6 |  6.1
Spellcasting   | 3 |  3.0
Dodging        | |  1.7
Stealth        | |  1.7
Transmutations | |  1.0

Action                   |  1- 3 |  4- 6 || total
-------------------------+-------+-------++-------
Melee: Unarmed           |    12 |       ||    12
       Dagger            |    14 |       ||    14
       Tailslap          |     5 |     3 ||     8
       Short sword       |    13 |    27 ||    40
       Punch             |       |     1 ||     1
 Cast: Sting             |    58 |    44 ||   102
       Poisonous Vapours |     9 |    30 ||    39
       Mephitic Cloud    |       |     3 ||     3
       Olgreb's Toxic Ra |       |     3 ||     3
  Use: Scroll            |     6 |     2 ||     8
Armor: Skin              |    29 |    20 ||    49
Dodge: Dodged            |    60 |    32 ||    92
